 Dungeon Crawl Stone Soup version 0.22-a0-612-gd2f0174 (webtiles) character file.

143917 Mamutox the Grappler (level 16, -8/161 HPs)
             Began as a Troll Berserker on July 11, 2018.
             Was an Elder of Trog.
             Killed from afar by a deep elf death mage (39 damage)
             ... with a bolt of negative energy
             ... on level 3 of the Elven Halls.
             The game lasted 02:02:55 (25665 turns).

Mamutox the Grappler (Troll Berserker)             Turns: 25665, Time: 02:02:56

Health: -8/161     AC: 20    Str: 29    XL:     16   Next: 83%
Magic:  19/19      EV: 14    Int:  8    God:    Trog [****..]
Gold:   1363       SH: 21    Dex: 14    Spells: 15/15 levels left

rFire    . . .     SeeInvis .     - Unarmed
rCold    + + .     Gourm    +   Q - +2 large shield {AC+3}
rNeg     . . .     Faith    +   w - +0 ice dragon scales
rPois    .         Spirit   .   O - +1 hat {Int+3}
rElec    +         Reflect  .   L - +0 cloak
rCorr    .         Harm     .   (gloves unavailable)
MR       ++...                  (boots unavailable)
Stlth    +.........             H - amulet "Umaof" {Faith +Blink rElec rF+ Int+2}
HPRegen  0.76/turn              z - +3 ring of evasion
MPRegen  0.16/turn              K - ring of protection from magic

@: about to teleport, studying Stealth, heavily drained
A: large, unfitting armour, claws 3, fast metabolism 3, gourmand, regeneration
1, shaggy fur 1, tough skin 2, subdued magic 1
a: Berserk, Trog's Hand, Brothers in Arms, Renounce Religion, Evoke Blink


You were on level 3 of the Elven Halls.
You worshipped Trog.
Trog was greatly pleased with you.
You were full.

You visited 4 branches of the dungeon, and saw 24 of its levels.
You also visited: Volcano.

You collected 2146 gold pieces.
You spent 783 gold pieces at shops.

Inventory:

Hand Weapons
 S - the +7 hunting sling of the Last Princes {velocity, *Contam rPois rC+++ Stlth+}
   (Trog gifted it to you on level 1 of the Lair of Beasts)

   Any stone fired from it inflicts extra damage.
   It renders you almost immune to cold.
   It protects you from poison.
   It causes magical contamination when unequipped.
   It makes you more stealthy.
Missiles
 s - 34 large rocks (quivered)
 v - 3 poisoned javelins
 C - 22 javelins of penetration
Armour
 w - +0 ice dragon scales (worn)
 L - a +0 cloak (worn)
 O - a +1 hat of intelligence (worn)
 Q - a +2 large shield of protection (worn)
 U - +0 steam dragon scales
Jewellery
 l - an uncursed ring of resist corrosion
 x - an uncursed ring of see invisible
 z - a +3 ring of evasion (left claw)
 F - the ring of Cigg {Wiz +Inv rElec}
   (You found it on level 9 of the Dungeon)

   [ring of wizardry]

   It improves your spell success rate.
   It insulates you from electricity.
   It lets you turn invisible.
 G - the ring of Fedhas's Hatred {rF+ Stlth-}
   (You found it on level 9 of the Dungeon)

   [ring of loudness]

   It protects you from fire.
   It makes you less stealthy.
 H - the amulet "Umaof" (around neck) {Faith +Blink rElec rF+ Int+2}
   (You took it off an orc warrior on level 9 of the Dungeon)

   [amulet of faith]

   It allows you to gain divine favour quickly.
   It affects your intelligence (+2).
   It protects you from fire.
   It insulates you from electricity.
   It lets you blink.
 K - a ring of protection from magic (right claw)
Wands
 c - a wand of clouds (7)
 o - a wand of enslavement (10)
 u - a wand of iceblast (38)
 D - a wand of polymorph (59)
 J - a wand of digging (23)
 M - a wand of disintegration (6)
 W - a wand of scattershot (8)
 X - a wand of paralysis (14)
 Z - a wand of acid (6)
Scrolls
 d - 3 scrolls of fog
 e - 13 scrolls of remove curse
 f - 8 scrolls of teleportation
 h - a scroll of torment
 j - 6 scrolls of magic mapping
 p - 6 scrolls of enchant armour
 y - 7 scrolls of immolation
 I - a scroll of holy word
 N - 4 scrolls of blinking
 P - 2 scrolls of fear
 Y - a scroll of identify
Potions
 g - 5 potions of haste
 k - 5 potions of brilliance
 m - a potion of resistance
 n - a potion of berserk rage
 q - 2 potions of flight
 r - 9 potions of curing
 t - 5 potions of heal wounds
 A - a potion of agility
 B - 2 potions of lignification
 E - a potion of invisibility
 T - a potion of ambrosia
 V - 2 potions of might
Books
 a - a manual of Stealth
Miscellaneous
 R - a lightning rod (4/4)
Comestibles
 b - 31 rations


   Skills:
 + Level 10.6(9.1) Fighting
 - Level 8.0(6.5) Throwing
 - Level 9.6(8.0) Armour
 - Level 9.3(7.8) Dodging
 - Level 6.5(5.1) Stealth
 - Level 11.7(10.2) Shields
 + Level 14.7(13.0) Unarmed Combat
 - Level 6.0(4.6) Evocations


You had 15 spell levels left.
You didn't know any spells.
Your spell library contained the following spells:

 Spells                   Type           Power        Failure   Level  Hunger
 Magic Dart               Conj           #...         94%         1    ##.....
 Fireball                 Conj/Fire      #.........   100%        5    ######.
 Apportation              Tloc           #.....       94%         1    ##.....
 Conjure Flame            Conj/Fire      #.......     100%        3    ####...
 Lightning Bolt           Conj/Air       #.........   100%        5    ######.
 Slow                     Hex            #.......     98%         2    ###....
 Invisibility             Hex            #.......     100%        6    #######
 Throw Flame              Conj/Fire      #.....       98%         2    ###....
 Mephitic Cloud           Conj/Pois/Air  #.......     100%        3    ####...
 Blink                    Tloc           N/A          98%         2    ###....
 Iskenderun's Mystic Bla  Conj           #.......     100%        4    #####..
 Sticky Flame             Conj/Fire      #.......     100%        4    #####..
 Call Imp                 Summ           #.......     98%         2    ###....
 Tukima's Dance           Hex            #.......     100%        3    ####...
 Recall                   Summ/Tloc      N/A          100%        3    ####...
 Statue Form              Tmut/Erth      #........    100%        6    #######
 Dragon Form              Tmut           #.........   100%        7    #######
 Flame Tongue             Conj/Fire      #....        94%         1    ##.....
 Summon Butterflies       Summ           #.......     94%         1    ##.....
 Shatter                  Erth           #.........   100%        9    #######
 Static Discharge         Conj/Air       #.......     100%        3    ####...
 Alistair's Intoxication  Tmut/Pois      #.......     100%        5    ######.
 Tornado                  Air            #.........   100%        9    #######
 Inner Flame              Hex/Fire       #.......     100%        3    ####...
 Fulminant Prism          Conj/Hex       #.........   100%        4    #####..
 Dazzling Spray           Conj/Hex       #.....       100%        3    ####...
 Force Lance              Conj/Tloc      #.......     100%        4    #####..
 Searing Ray              Conj           #.....       98%         2    ###....
 Summon Forest            Summ/Tloc      #.........   100%        5    ######.
 Hydra Form               Tmut           #.........   100%        6    #######
 Irradiate                Conj/Tmut      #.........   100%        5    ######.
 Lesser Beckoning         Tloc           #.........   100%        3    ####...
 Ignition                 Fire           #.........   100%        8    #######


Dungeon Overview and Level Annotations

Branches:
Dungeon (13/15)            Temple (0/1) D:7            Lair (6/6) D:10
 Shoals (0/4) Lair:4        Snake (0/4) Lair:3        Slime (0/5) Lair:5
    Orc (2/2) D:10            Elf (3/3) Orc:2
 Vaults: D:13-14

Altars:
Cheibriados
Dithmenos
Elyvilon
Fedhas
Gozag
Kikubaaqudgha
Makhleb
Okawaru
Qazlal
Sif Muna
Trog
Xom
Zin
Beogh
Jiyva

Shops:
D:7 ?   D:10 ?   D:11 [   Orc:2 [(*(:   Elf:3 =

Annotations:
D:13 3 runed doors, ThisFiasco's ghost, novice DsGl
Lair:4 1 runed door, Mud Xara's ghost, journeyman OgBe


Innate Abilities, Weirdness & Mutations

You are too large for most types of armour.
You have claws for hands.
Your metabolism is lightning-fast.
You like to eat raw meat.
Your natural rate of healing is unusually fast.
You are covered in fur. (AC +1)
You have very tough skin. (AC +2)
Your spells are a little easier to cast, but a little less powerful.


Message History

The crawling corpse is destroyed!
The bolt of lightning hits you! You resist.
* * * LOW HITPOINT WARNING * * *
The deep elf mage gestures wildly while chanting.
The deep elf mage blinks!
Something hits your ogre. Something burns your ogre!
The ghostly deep elf annihilator shouts!
You miss the ghostly deep elf blademaster.
The ghostly deep elf blademaster completely misses you.
The ghostly deep elf blademaster hits you with a short sword!
* * * LOW HITPOINT WARNING * * *
Your ogre closely misses the deep elf death mage.
The deep elf mage gestures wildly while chanting.
The deep elf mage blinks!
The deep elf death mage casts a spell at you.
The bolt of negative energy hits your ogre.
Your ogre is drained!
Your ogre dies!
Your ogre's corpse disappears in a puff of smoke!
The bolt of negative energy hits you!
You feel drained.
You die...

##### #:e@#
#}?$# ##§##
###eee###
#.§eEE..#
#.....e§...#
........§.*...#
...............#
..............##


You could see a ghostly deep elf blademaster, a ghostly deep elf annihilator, a
deep elf death mage, a deep elf sorcerer, a deep elf mage and a fire elemental.

Vanquished Creatures
  Saint Roka (Orc:2)
  Rupert (D:13)
  Gastronok (Lair:1)
  A deep elf sorcerer (Elf:1)
  An orc warlord (Orc:2)
  A deep elf demonologist (Elf:1)
  Fannar (Lair:3)
  The ghost of pedritolo the Spear-Bearer, a journeyman BaCK of Xom (D:10)
  10 hydras
  3 catoblepae (Lair:6)
  2 alligators (Lair:4)
  An ogre mage (Volcano)
  24 dancing weapons
  10 two-headed ogres
  Urug (D:10)
  7 death yaks
  2 orc high priests (Orc:2)
  A hell knight (Volcano)
  A sea snake (shapeshifter) (Elf:2)
  8 deep elf knights
  A deep troll (D:8)
  2 swamp dragons (Lair:4)
  Pikel (D:6)
  4 deep elf archers
  4 orc knights
  2 cyclopes
  34 deep elf magi
  3 ugly things
  3 oklob plants
  5 orc sorcerers
  Maurice (Orc:2)
  A spectral centaur (D:10)
  3 manticores
  7 black mambas
  An ice statue (Elf:1)
  A torpor snail (Lair:6)
  17 elephants
  13 spiny frogs
  2 kobold demonologists (D:13)
  11 komodo dragons
  A redback zombie (D:12)
  A polar bear (Lair:4)
  7 trolls
  Prince Ribbit (D:6)
  A hornet (D:13)
  12 hippogriffs
  3 slime creatures (D:12)
  A spriggan (D:7)
  4 air elementals
  A centaur simulacrum (D:10)
  2 shadows
  A vampire (D:11)
  Sigmund (D:3)
  2 wraiths
  3 water elementals
  80 yaks
  6 wyverns
  3 basilisks
  2 hungry ghosts (D:13)
  A fire elemental (Elf:2)
  2 vampire mosquitoes (Lair:4)
  A warg (Orc:1)
  2 swamp worms (Lair:4)
  3 nagas (Lair:3)
  Edmund (D:6)
  10 water moccasins
  A soldier ant (D:13)
  An acid dragon (D:8)
  A hell hound (Elf:2)
  3 ice beasts
  4 porcupines
  A swamp drake (Lair:4)
  A black bear (D:12)
  35 orc warriors
  2 sky beasts (D:6)
  2 eyes of draining
  4 phantoms
  21 wolves
  14 ogres
  3 centaurs
  18 crocodiles
  3 big kobolds
  2 earth elementals
  11 bullfrogs
  5 scorpions
  14 killer bees
  3 howler monkeys
  A spectral bullfrog (D:10)
  4 crimson imps
  3 bullfrog zombies
  3 centaur zombies
  A quasit (D:5)
  A bullfrog skeleton (D:9)
  2 jellies
  17 orc priests
  7 hounds
  16 orc wizards
  2 iguanas
  A hell rat (Lair:1)
  9 worker ants
  A hound zombie (D:11)
  Robin (D:3)
  6 gnolls
  11 adders
  8 river rats (Lair:1)
  4 shadow imps
  An adder zombie (D:5)
  2 adder skeletons
  5 worms
  3 dart slugs
  4 leopard geckos
  86 orcs
  7 giant cockroaches
  20 goblins
  7 hobgoblins
  21 jackals
  18 kobolds
  6 quokkas
  4 ball pythons
  6 bats
  4 frilled lizards
  A quokka skeleton (D:4)
  7 rats
  A bush (Lair:4)
  A plant (Lair:6)
797 creatures vanquished.

Vanquished Creatures (collateral kills)
  2 deep elf blademasters
  Donald (Elf:2)
  A deep elf demonologist (Elf:1)
  Azrael (Elf:2)
  A deep elf annihilator (Elf:2)
  A fire dragon (D:11)
  The ghost of Amnesiac the Thaumaturge, a journeyman DEWz of Sif Muna (D:11)
  A two-headed ogre (Volcano)
  A dancing weapon (Elf:2)
  Sonja (D:12)
  4 deep elf knights (Elf:2)
  A deep elf archer (Elf:2)
  An orc knight (Orc:2)
  6 deep elf magi
  A manticore (D:12)
  A centaur zombie (D:13)
  A slime creature (Lair:4)
  A shadow (D:12)
  A centaur simulacrum (D:10)
  2 fire elementals (Elf:2)
  A swamp worm (Lair:4)
  4 hell hounds (Elf:2)
  An orc warrior (Orc:2)
  An orc priest (Orc:2)
  3 gnolls (Orc:2)
  An orc (Orc:2)
41 creatures vanquished.

Vanquished Creatures (others)
  A deep elf mage (Elf:1)
  An orc (Orc:2)
  3 bushes (Lair:6)
  A crawling corpse (Elf:3)
  15 fungi
  7 plants
  2 withered plants (Lair:4)
30 creatures vanquished.

Grand Total: 868 creatures vanquished

Notes
Turn   | Place    | Note
-------+----------+-------------------------------------------
     0 | D:1      | Mamutox the Troll Berserker began the quest for the Orb.
     0 | D:1      | Reached XP level 1. HP: 22/22 MP: 0/0
    67 | D:1      | Reached XP level 2. HP: 27/29 MP: 1/1
   190 | D:1      | Reached skill level 4 in Unarmed Combat
   415 | D:1      | Reached ** piety under Trog
   527 | D:1      | Reached XP level 3. HP: 34/36 MP: 2/2
   810 | D:2      | Reached XP level 4. HP: 44/44 MP: 3/3
   814 | D:2      | Reached skill level 5 in Unarmed Combat
  1110 | D:3      | Noticed Sigmund
  1125 | D:3      | Killed Sigmund
  1125 | D:3      | Reached skill level 6 in Unarmed Combat
  1125 | D:3      | Reached XP level 5. HP: 41/50 MP: 4/4
  1141 | D:3      | Found a shimmering altar of Xom.
  1144 | D:3      | Found a blossoming altar of Fedhas.
  1144 | D:3      | Found a bloodstained altar of Trog.
  1145 | D:3      | Found an opulent altar of Gozag.
  1357 | D:3      | Reached XP level 6. HP: 59/59 MP: 5/5
  1367 | D:3      | Found a stormy altar of Qazlal.
  1373 | D:3      | Reached *** piety under Trog
  1494 | D:3      | Reached skill level 7 in Unarmed Combat
  1723 | D:3      | Noticed Robin
  1782 | D:3      | Killed Robin
  2012 | D:3      | Received a gift from Trog
  2208 | D:4      | Found a shadowy altar of Dithmenos.
  2252 | D:4      | Found Zin's Purification Station.
  2254 | D:4      | Found a glowing silver altar of Zin.
  2260 | D:4      | Bought a potion of curing for 90 gold pieces
  2412 | D:4      | Found a white marble altar of Elyvilon.
  2778 | D:5      | Entered Level 5 of the Dungeon
  2820 | D:5      | Reached XP level 7. HP: 60/67 MP: 6/6
  3312 | D:5      | Reached skill level 1 in Armour
  3625 | D:6      | Noticed Edmund
  3631 | D:6      | Killed Edmund
  3810 | D:6      | Got a shimmering silver ring
  3822 | D:6      | Identified the ring of Urugih {Ice rElec} (You found it on level 6 of the Dungeon)
  3881 | D:6      | Reached **** piety under Trog
  3881 | D:6      | Reached XP level 8. HP: 67/75 MP: 7/7
  4124 | D:6      | Reached skill level 8 in Unarmed Combat
  4124 | D:6      | Noticed Pikel
  4138 | D:6      | Killed Pikel
  4138 | D:6      | Reached skill level 9 in Unarmed Combat
  4205 | D:6      | Noticed Prince Ribbit
  4208 | D:6      | Killed Prince Ribbit
  4208 | D:6      | Reached skill level 10 in Unarmed Combat
  4306 | D:6      | Reached XP level 9. HP: 83/83 MP: 8/8
  4566 | D:7      | Found an iron altar of Okawaru.
  4767 | D:7      | Reached skill level 11 in Unarmed Combat
  4852 | D:7      | Found a staircase to the Ecumenical Temple.
  4909 | D:7      | Found Qabriducw's Magic Scroll Shop.
  4923 | D:7      | Bought a scroll of identify for 30 gold pieces
  4923 | D:7      | Bought a scroll of magic mapping for 52 gold pieces
  4923 | D:7      | Bought a scroll of identify for 30 gold pieces
  4923 | D:7      | Bought a scroll of fog for 30 gold pieces
  5006 | D:7      | Reached skill level 1 in Throwing
  5302 | D:7      | Reached ***** piety under Trog
  5503 | D:8      | Found a bloodstained altar of Trog.
  5503 | D:8      | Found an ancient bone altar of Kikubaaqudgha.
  5503 | D:8      | Noticed a deep troll
  5503 | D:8      | Noticed a two-headed ogre
  5516 | D:8      | Killed a two-headed ogre
  5516 | D:8      | Reached skill level 5 in Fighting
  5516 | D:8      | Reached XP level 10. HP: 96/96 MP: 9/9
  5583 | D:8      | Killed a deep troll
  7076 | D:9      | Noticed a cyan ugly thing
  7088 | D:9      | Killed a cyan ugly thing
  7088 | D:9      | Reached skill level 5 in Armour
  7093 | D:9      | Noticed a cyclops
  7101 | D:9      | Reached skill level 5 in Dodging
  7104 | D:9      | Noticed a two-headed ogre
  7112 | D:9      | Killed a cyclops
  7112 | D:9      | Received a gift from Trog
  7112 | D:9      | Reached XP level 11. HP: 109/109 MP: 10/10
  7116 | D:9      | Killed a two-headed ogre
  7150 | D:9      | Got a clouded diamond amulet
  7155 | D:9      | Identified the amulet of Day {Gourm Str+3} (You found it on level 9 of the Dungeon)
  7160 | D:9      | Got an ancient iron ring
  7163 | D:9      | Got a twitching bronze ring
  7164 | D:9      | Identified the ring of Cigg {Wiz +Inv rElec} (You found it on level 9 of the Dungeon)
  7166 | D:9      | Identified the ring of Fedhas's Hatred {rF+ Stlth-} (You found it on level 9 of the Dungeon)
  7177 | D:9      | Got a warped diamond amulet
  7959 | D:10     | Entered Level 10 of the Dungeon
  7978 | D:10     | Identified the amulet "Umaof" {Faith +Blink rElec rF+ Int+2} (You took it off an orc warrior on level 9 of the Dungeon)
  8027 | D:10     | Noticed a red ugly thing
  8034 | D:10     | Killed a red ugly thing
  8034 | D:10     | Reached skill level 1 in Evocations
  8128 | D:10     | Noticed a two-headed ogre
  8134 | D:10     | Killed a two-headed ogre
  8134 | D:10     | Reached skill level 5 in Throwing
  8189 | D:10     | Found a staircase to the Orcish Mines.
  8295 | D:10     | Found a runed gate.
  8295 | D:10     | Found a runed gate.
  8295 | D:10     | Found a runed gate.
  8295 | D:10     | Noticed pedritolo's ghost (journeyman BaCK)
  8488 | D:10     | Received a gift from Trog
  8612 | D:10     | Found Leqodosi's Magic Scroll Emporium.
  8615 | D:10     | Bought a scroll of enchant armour for 120 gold pieces
  8615 | D:10     | Bought 2 scrolls of identify for 64 gold pieces
  8615 | D:10     | Bought a scroll of identify for 32 gold pieces
  8793 | D:10     | Found a staircase to the Lair.
  8950 | D:10     | Killed pedritolo's ghost
  9211 | D:11     | Found Musiycsi's Armour Shop.
  9318 | D:11     | Reached skill level 12 in Unarmed Combat
  9404 | D:11     | Reached XP level 12. HP: 99/118 MP: 12/12
  9604 | D:11     | Found a runed door.
  9604 | D:11     | Noticed Amnesiac's ghost (journeyman DEWz)
  9604 | D:11     | Noticed a fire dragon
  9614 | D:11     | Killed a fire dragon
  9619 | D:11     | Killed Amnesiac's ghost
 10030 | D:12     | Received a gift from Trog
 10030 | D:12     | Reached skill level 13 in Unarmed Combat
 10076 | D:12     | Noticed a six-headed hydra
 10079 | D:12     | Killed a six-headed hydra
 10096 | D:12     | Noticed a two-headed ogre
 10104 | D:12     | Killed a two-headed ogre
 10232 | D:12     | Noticed Sonja
 10779 | D:12     | Killed Sonja
 10779 | D:12     | Received a gift from Trog
 11000 | D:13     | Noticed Rupert
 11033 | D:13     | Killed Rupert
 11320 | D:13     | Noticed a two-headed ogre
 11330 | D:13     | Killed a two-headed ogre
 11398 | D:13     | Noticed a two-headed ogre
 11406 | D:13     | Killed a two-headed ogre
 11406 | D:13     | Reached XP level 13. HP: 131/131 MP: 15/15
 11588 | D:13     | Found a runed gate.
 11588 | D:13     | Found a runed gate.
 11589 | D:13     | Found a runed gate.
 11643 | D:13     | Noticed ThisFiasco's ghost (novice DsGl)
 11922 | Lair:1   | Entered Level 1 of the Lair of Beasts
 11953 | Lair:1   | Noticed Gastronok
 11970 | Lair:1   | Killed Gastronok
 11970 | Lair:1   | Reached skill level 10 in Fighting
 12361 | Lair:1   | Received a gift from Trog
 12366 | Lair:1   | Got a slimy hunting sling {god gift}
 12373 | Lair:1   | Identified the +7 hunting sling of the Last Princes {velocity, *Contam rPois rC+++ Stlth+} (Trog gifted it to you on level 1 of the Lair of Beasts)
 12439 | Lair:1   | Gained mutation: Your spells are a little easier to cast, but a little less powerful. [mutagenic glow]
 13060 | Lair:2   | Found a dark tunnel.
 13096 | Volcano  | Entered a volcano
 14196 | Lair:3   | Found a staircase to the Snake Pit.
 14717 | Lair:3   | Noticed Fannar
 14728 | Lair:3   | Killed Fannar
 14728 | Lair:3   | Reached XP level 14. HP: 143/143 MP: 16/16
 15175 | Lair:4   | Received a gift from Trog
 15346 | Lair:4   | Found a runed door.
 15363 | Lair:4   | Noticed Mud Xara's ghost (journeyman OgBe)
 15387 | Lair:4   | Found a staircase to the Shoals.
 15488 | Lair:4   | HP: 7/143 [six-headed hydra (3)]
 16021 | Lair:4   | Found a snail-covered altar of Cheibriados.
 16184 | Lair:4   | Reached skill level 5 in Evocations
 16373 | Lair:4   | Identified the Grimoire of Displacement
 16754 | Lair:5   | Received a gift from Trog
 17436 | Lair:5   | Reached skill level 14 in Unarmed Combat
 18047 | Lair:5   | Found a viscous altar of Jiyva.
 18047 | Lair:5   | Found a staircase to the Slime Pits.
 18382 | Lair:6   | Entered Level 6 of the Lair of Beasts
 18407 | Lair:5   | Received a gift from Trog
 18592 | Lair:5   | Reached skill level 1 in Stealth
 19085 | Lair:6   | Received a gift from Trog
 19184 | Lair:5   | Reached XP level 15. HP: 141/149 MP: 18/18
 19189 | Lair:5   | Reached ****** piety under Trog
 19458 | Lair:6   | Reached skill level 5 in Stealth
 19844 | Lair:6   | Reached skill level 1 in Shields
 20123 | Lair:6   | Found a burning altar of Makhleb.
 20404 | Orc:1    | Entered Level 1 of the Orcish Mines
 20404 | Orc:1    | Noticed Urug
 20419 | D:10     | Killed Urug
 20500 | D:10     | Received a gift from Trog
 20844 | Orc:2    | Entered Level 2 of the Orcish Mines
 20844 | Orc:2    | Noticed Saint Roka
 20987 | Orc:2    | Killed Saint Roka
 20987 | Orc:2    | Reached skill level 5 in Shields
 21035 | Orc:2    | Found a deep blue altar of Sif Muna.
 21037 | Orc:2    | Noticed Maurice
 21117 | Orc:2    | Killed Maurice
 21189 | Orc:2    | Found Vekytatu's General Store.
 21192 | Orc:2    | Received a gift from Trog
 21202 | Orc:2    | Bought a ration for 80 gold pieces
 21211 | Orc:2    | Noticed an orc warlord
 21277 | Orc:2    | Killed an orc warlord
 21401 | Orc:2    | Found Ydiatey's Book Emporium.
 21450 | Orc:2    | Found Baberixee's Weapon Boutique.
 21509 | Orc:2    | Found Syppakh's Antique Weapon Boutique.
 21559 | Orc:2    | Received a gift from Trog
 21707 | Orc:2    | Identified Sif Muna's Guide on Execration
 21920 | Orc:2    | Found a staircase to the Elven Halls.
 21922 | Orc:2    | Found Deihiop's Antique Armour Shop.
 21988 | Orc:2    | Found a roughly hewn altar of Beogh.
 22098 | Elf:1    | Entered Level 1 of the Elven Halls
 22282 | Elf:1    | Noticed an Ice Fiend
 22285 | Elf:1    | Noticed a Brimstone Fiend
 22509 | Elf:1    | Noticed a deep elf sorcerer
 22530 | Elf:1    | Killed a deep elf sorcerer
 22635 | Elf:1    | Received a gift from Trog
 22917 | Elf:1    | Reached XP level 16. HP: 158/158 MP: 19/19
 22922 | Elf:1    | Received a gift from Trog
 23486 | Elf:1    | Received a gift from Trog
 24114 | Elf:2    | Reached skill level 10 in Shields
 24176 | Elf:2    | Found a runed gate.
 24192 | Elf:2    | Found a runed gate.
 24390 | Elf:2    | Noticed Azrael
 24428 | Elf:2    | Received a gift from Trog
 24431 | Elf:2    | Killed Azrael
 24857 | Elf:2    | Found a runed gate.
 24875 | Elf:2    | Noticed a deep elf blademaster
 24908 | Elf:2    | Killed a deep elf blademaster
 25241 | Elf:2    | Received a gift from Trog
 25275 | Elf:2    | Noticed Donald
 25283 | Elf:2    | Killed Donald
 25335 | Elf:2    | Received a gift from Trog
 25508 | Elf:3    | Entered Level 3 of the Elven Halls
 25542 | Elf:3    | Found Qeimua's Jewellery Boutique.
 25551 | Elf:3    | Bought an uncursed ring of see invisible for 255 gold pieces
 25641 | Elf:3    | Noticed a deep elf blademaster
 25649 | Elf:3    | Noticed a deep elf blademaster
 25653 | Elf:3    | Killed a deep elf blademaster
 25658 | Elf:3    | Killed a deep elf blademaster
 25665 | Elf:3    | Killed from afar by a deep elf death mage

Vault maps used:
D:1:      dpeg_arrival_pits, hex_large
D:3:      chequers_temple_overflow_statue_of_worship, lemuel_round_altar,
          uniq_sigmund, uniq_robin
D:4:      zin_purify, marbit_many_paths, nicolae_dithmenos_the_darkroom
D:5:      first_ration
D:6:      uniq_prince_ribbit1, uniq_edmund, uniq_pikel
D:7:      nicolae_overflow_crystal_walls, minmay_temple_entry_nine_rooms,
          serial_shops, nicolae_shop_stone, minmay_misc_feat_tiny, the_bakery
D:8:      jmf_multi_god_temple
D:9:      minmay_the_grid_triangle_9x9_recursive_2, feat_on_display
D:10:     david_orc_2, serial_shops, nicolae_shop_behind_doors,
          gammafunk_ghost_necromancy
D:11:     serial_shops, nicolae_shop_stone, ebering_ghost_inner_flame,
          serial_bayou_crossing
D:12:     uniq_sonja
D:13:     gammafunk_ghost_necromancy, uniq_rupert
Lair:1:   beast_lair_carwin_large_2, st_stairs_3, ldierk_geyser,
          kennysheep_rathole, uniq_gastronok
Lair:2:   nicolae_volcano_entry_hallway
Lair:3:   minmay_snake_entry_guardpost_small, infiniplex_staircase_pool_2,
          uniq_fannar
Lair:4:   onia_ninara_swampy_vault, minmay_shoals_entry_beasts, basic_altar,
          gammafunk_ghost_grave, minivault_24, minmay_lair_oklob_items
Lair:5:   slime_altar_1, beast_lair_carwin_5, grunt_megastairs_3,
          serial_bayou_shore_b, serial_bayou_shore_b
Lair:6:   evilmike_catoblepas_cave, basic_altar
Orc:1:    serial_shops, nicolae_shop_statue_plus, uniq_urug
Orc:2:    grunt_orc_gardens, grunt_orc_garden, grunt_orc_garden,
          grunt_orc_garden, grunt_orc_garden, basic_altar, serial_shops,
          nicolae_shop_crystal, led_sif_book, uniq_saint_roka, uniq_maurice
Elf:1:    elf_arrival_001, portal_ice_cave_entry_ice_statue_one,
          hangedman_elf_represent
Elf:2:    serial_sigils, serial_sigils_hangedman_writhe,
          serial_sigils_hangedman_gut, serial_sigils_hangedman_stare,
          uniq_donald, uniq_azrael
Elf:3:    minmay_elf_hall, serial_shops, nicolae_shop_waterfront, st_stairs_3
Volcano:  volcano_pools

Skill      XL: |  1  2  3  4  5  6  7  8  9 10 11 12 13 14 15 16 |
---------------+-------------------------------------------------+-----
Unarmed Combat | 4 6 7 10 11 12 13 14 | 14.7
Fighting       | 3 5 7 9 10 | 10.6
Dodging        | 3 5 6 8 9 |  9.3
Armour         | 4 5 6 9 |  9.6
Throwing       | 4 6 8 |  8.0
Evocations     | 2 4 6 |  6.0
Stealth        | 4 6 |  6.5
Shields        | 8 11 | 11.7

Action                   |  1- 3 |  4- 6 |  7- 9 | 10-12 | 13-15 | 16-18 || total
-------------------------+-------+-------+-------+-------+-------+-------++-------
Melee: Unarmed           |    93 |   148 |   230 |   550 |  1316 |   365 ||  2702
       Punch             |     2 |     5 |     4 |    38 |    73 |       ||   122
Throw: Large rock        |       |       |       |     3 |    59 |    19 ||    81
Invok: Berserk           |       |       |     6 |    15 |    19 |     3 ||    43
       Brothers in Arms  |       |       |       |     7 |     4 |    16 ||    27
       Trog's Hand       |       |       |       |       |     3 |       ||     3
 Abil: Evoke Blink       |       |       |       |       |       |     2 ||     2
  Use: Scroll            |       |     1 |    10 |     6 |    10 |     2 ||    29
       Potion            |       |       |       |     1 |     3 |     1 ||     5
 Stab: Distracted        |       |       |       |       |       |     6 ||     6
       Sleeping          |       |       |       |       |       |     1 ||     1
  Eat: Chunk             |    13 |    12 |    35 |    71 |   131 |    24 ||   286
       Ration            |       |       |       |       |       |     2 ||     2
Armor: Animal skin       |    42 |    47 |    13 |       |       |       ||   102
       Ice dragon scales |       |       |    96 |   210 |   569 |   102 ||   977
       Skin              |       |       |       |    15 |       |       ||    15
       Steam dragon scal |       |       |       |       |     2 |       ||     2
Dodge: Dodged            |    48 |    74 |   156 |   271 |   893 |   131 ||  1573
Block: Large shield      |       |       |       |       |   406 |   382 ||   788

Table legend:
 A = Spawn XP
 B = Non-spawn XP
 C = Spawn XP percentage of total XP
 D = Spawn monster count
 E = Non-spawn monster count
 F = Spawn count percentage of total count
 G = Total turns spent on level
                    A         B        C        D         E        F      G
               +---------+---------+-------+---------+---------+-------+---------
         Total |       0 |  205596 |   0.0 |       0 |     837 |   0.0 | 25665
               +---------+---------+-------+---------+---------+-------+---------
           D:1 |       0 |      42 |   0.0 |       0 |      24 |   0.0 |   600
           D:2 |       0 |      97 |   0.0 |       0 |      27 |   0.0 |   501
           D:3 |       0 |     370 |   0.0 |       0 |      45 |   0.0 |   945
           D:4 |       0 |     139 |   0.0 |       0 |       3 |   0.0 |   732
           D:5 |       0 |     293 |   0.0 |       0 |      14 |   0.0 |   763
           D:6 |       0 |    1935 |   0.0 |       0 |      25 |   0.0 |  1006
           D:7 |       0 |    2017 |   0.0 |       0 |      50 |   0.0 |   928
           D:8 |       0 |    2053 |   0.0 |       0 |       8 |   0.0 |  1288
           D:9 |       0 |    7788 |   0.0 |       0 |      56 |   0.0 |  1196
          D:10 |       0 |    6543 |   0.0 |       0 |      50 |   0.0 |  1303
          D:11 |       0 |    5003 |   0.0 |       0 |      32 |   0.0 |   849
          D:12 |       0 |    5946 |   0.0 |       0 |      34 |   0.0 |  1108
          D:13 |       0 |    8620 |   0.0 |       0 |      28 |   0.0 |   927
        Lair:1 |       0 |    5302 |   0.0 |       0 |      29 |   0.0 |  1126
        Lair:2 |       0 |    2715 |   0.0 |       0 |      12 |   0.0 |   511
        Lair:3 |       0 |   12027 |   0.0 |       0 |      40 |   0.0 |  1242
        Lair:4 |       0 |   11533 |   0.0 |       0 |      39 |   0.0 |  1557
        Lair:5 |       0 |   17917 |   0.0 |       0 |      55 |   0.0 |  2042
        Lair:6 |       0 |   24011 |   0.0 |       0 |      64 |   0.0 |  1594
         Orc:1 |       0 |    1589 |   0.0 |       0 |      18 |   0.0 |   382
         Orc:2 |       0 |   17634 |   0.0 |       0 |      68 |   0.0 |  1129
         Elf:1 |       0 |   22844 |   0.0 |       0 |      36 |   0.0 |  1818
         Elf:2 |       0 |   38831 |   0.0 |       0 |      68 |   0.0 |  1592
         Elf:3 |       0 |    4416 |   0.0 |       0 |       5 |   0.0 |   157
       Volcano |       0 |    5931 |   0.0 |       0 |       7 |   0.0 |   369
               +---------+---------+-------+---------+---------+-------+---------
